 Dungeon Crawl Stone Soup version 0.31-a0-1616-gbeaec30 (webtiles) character file.

Game seed: 3746249570846175484

470 Dorkslayer the Ducker (level 7, -5/47 HPs)
             Began as an Octopode Fighter on Jan 10, 2024.
             Slain by an orc
             ... wielding a +0 falchion
              (8 damage)
             ... on level 4 of the Dungeon.
             The game lasted 00:07:39 (3117 turns).

Dorkslayer the Ducker (Octopode Fighter)            Turns: 3117, Time: 00:07:40

Health: -5/47      AC: -7    Str: 15    XL:     7   Next: 9%
Magic:  10/10      EV: 14    Int: 17    God:
Gold:   137        SH:  5    Dex: 13    Spells: 10/10 levels left

rFire   + . .        l - +2 dagger (venom)
rCold   + . .        b - +0 buckler
rNeg    . . .        (helmet restricted)
rPois   +            (no amulet)
rElec   +            i - +6 ring of intelligence
rCorr   +            (no ring)
SInv    .            (no ring)
Will    .....        (no ring)
Stlth   ++++         (no ring)
HPRegen 0.27/turn    (no ring)
MPRegen 0.12/turn    (no ring)
                     (no ring)

%: no passive effects
@: brilliant, resistant, corroded, hasted, very quick
A: almost no armour, amphibious, 8 rings, camouflage 1, gelatinous body 1,
(nimble swimmer 1), tentacles
a: no special abilities


You were on level 4 of the Dungeon.
You visited 1 branch of the dungeon, and saw 4 of its levels.
You also visited: Sewer.

You collected 137 gold pieces.

Inventory:

Hand Weapons
 a - a +0 long sword
 l - a +2 dagger of venom (weapon)
Armour
 b - a +0 buckler (worn)
Jewellery
 i - a +6 ring of intelligence (left tentacle)
Scrolls
 d - a scroll of noise {unknown}
 e - 2 scrolls of silence
 h - a scroll of poison {unknown}
 k - a scroll of revelation {unknown}
 n - 3 scrolls of immolation
 s - a scroll of amnesia {unknown}
 u - a scroll of blinking {unknown}
Potions
 c - a potion of might
 j - a potion of berserk rage
 m - 2 potions of mutation
 o - 2 potions of resistance
 r - 2 potions of magic


   Skills:
 + Level 3.6 Fighting
 + Level 2.3(3.1) Short Blades
 + Level 2.9(3.3) Long Blades
 * Level 4.3 Dodging
 + Level 4.3 Stealth
 + Level 3.7 Shields
 * Level 2.4 Spellcasting


You had 10 spell levels left.
You didn't know any spells.
Your spell library contained the following spells:

 Spells                   Type           Power      Damage    Failure   Level
 Tukima's Dance           Hex            3%         N/A       58%         3
 Dimensional Bullseye     Hex/Tloc       1%         N/A       94%         4
 Iskenderun's Mystic Bla  Conj/Tloc      3%         2d3       94%         4


Dungeon Overview and Level Annotations

Branches:
Dungeon (4/15)              Sewer (visited)
 Temple: D:4-7

Altars:
Ru


Innate Abilities, Weirdness & Mutations

You cannot wear most types of armour.
You are amphibious.
You can wear up to eight rings at the same time.
Your skin changes colour to match your surroundings (Stealth+).
Your rubbery body absorbs attacks. (AC +1, EV +1)
((You are camouflaged when in or above water. (Stealth+)))
You have tentacles for arms and can constrict up to eight enemies at once.


Message History

The jelly quivers.
You bump into the rock wall.
The orc wizard gestures at you while chanting.
The puff of flame hits you!
You bump into the rock wall.
The orc shouts!
The orc wizard mumbles some strange words.
The orc wizard flickers and vanishes!
Deactivating autopickup; reactivate with Ctrl-A.
The orc attacks as it pursues you!
The orc hits you from afar with a +0 trident!
You bump into the rock wall.
An endoplasm comes into view.
You hit the jelly.
The jelly is poisoned.
Your tentacles burn!
The jelly is lightly wounded.
The jelly hits you.
You are splashed with acid!
You feel better. You block the jelly's attack.
You hit the jelly.
The jelly looks as sick as possible!
The acid corrodes you!
Your tentacles burn!
The jelly is heavily wounded.
The jelly hits you.
You are splashed with acid!
* * * LOW HITPOINT WARNING * * *
Unknown command.
You hit the jelly. The acid corrodes you!
Your tentacles burn!
* * * LOW HITPOINT WARNING * * *
The jelly is severely wounded.
The jelly closely misses you.
You hit the jelly but do no damage.
Your tentacles burn!
* * * LOW HITPOINT WARNING * * *
You squeeze the jelly, but do no damage.
The jelly is severely wounded.
You kill the jelly!
It was a potion of resistance.
You feel protected.
It was a potion of brilliance.
You feel clever all of a sudden. You block the orc's attack.
It was a potion of haste.
You feel yourself speed up. The orc hits you with a +0 falchion!
You die...

###≈≈≈~###~..# ....
≈≈≈≈≈≈≈≈≈~...##### ....
~≈≈≈≈≈≈≈≈~........ .....
###~≈≈≈###~.###..> .....
...#≈~#...#.# #.## #....
.⌠ #..#.⌠.#.# #.#
.##.?.#o..#..#...#.###.#
......{###....###....#.#
#.oJo@..........#...##
#.####†###.#..#####...
#.#.####.###...## ####
#......).......#
.......#.#######
#....#.#.# .... #.#.#
#.. ..... .. .....


You could see 2 orcs and an endoplasm.

Vanquished Creatures
  An ogre (D:4)
  A phantom (D:4)
  A kobold brigand (Sewer)
  2 jellies (D:4)
  An iguana (D:3)
  6 adders
  A ribbon worm (D:3)
  3 dart slugs
  7 orcs (D:3)
  5 bats
  7 endoplasms
  7 giant cockroaches
  10 goblins
  3 hobgoblins
  7 jackals
  13 kobolds
  2 quokkas
  9 ball pythons
  2 frilled lizards
  8 rats
96 creatures vanquished.

Notes
Turn   | Place    | Note
-------+----------+-------------------------------------------
     0 | D:1      | Dorkslayer the Octopode Fighter began the quest for the
                  | Orb.
     0 | D:1      | Reached XP level 1. HP: 16/16 MP: 1/1
   241 | D:1      | Reached XP level 2. HP: 21/21 MP: 2/2
   758 | D:1      | Reached XP level 3. HP: 26/26 MP: 3/3
  1441 | D:2      | Reached XP level 4. HP: 25/31 MP: 4/4
  1490 | D:2      | Identified the +7 dagger "Jaaj" {holy, rElec rF++ rC+ Will-
                  | Int+4}
  1820 | D:3      | Found a faded altar of an unknown god.
  1875 | D:3      | Reached skill level 1 in Stealth
  1898 | D:3      | Found a sacrificial altar of Ru.
  1929 | D:3      | Found a glowing drain.
  1940 | D:3      | Reached skill level 1 in Spellcasting
  1946 | Sewer    | Entered a sewer
  1977 | Sewer    | Noticed a kobold brigand
  1985 | Sewer    | Killed a kobold brigand
  1986 | Sewer    | Reached XP level 5. HP: 20/36 MP: 5/7
  2039 | Sewer    | Reached skill level 1 in Short Blades
  2156 | Sewer    | Identified the +5 quarterstaff of the Puffball {venom,
                  | rF+++ Str+3 Dex-5}
  2616 | D:3      | Reached XP level 6. HP: 33/42 MP: 8/8
  3015 | D:4      | Reached XP level 7. HP: 29/46 MP: 10/10
  3114 | D:4      | HP: 2/46 [acid (4)]
  3117 | D:4      | Slain by an orc

Illustrated notes

Levels and vault maps discovered:
D:1:      dpeg_arrival_radiant, layout_loops_corners
D:2:      layout_basic
D:3:      layout_loops_ring, lemuel_doored_altar, gup_sewer_entry_glass,
          nicolae_ecumenical_pavilion
D:4:      layout_loops_corners, hangedman_decor_lopped, fountainhead,
          palyth_stone_intersect, dk_noncrumbling_3

Skill      XL: |  1  2  3  4  5  6 |
---------------+-------------------+-----
Stealth        | 2 3 4 |  4.3
Spellcasting   | 1 2 |  2.4
Short Blades   | 1 2 |  2.3
Dodging        | 4 |  4.3
Fighting       | |  3.6
Long Blades    | |  2.9
Shields        | |  3.7

Action                     |  1- 3 |  4- 6 |  7- 9 || total
---------------------------+-------+-------+-------++-------
  Melee: Long sword        |    39 |       |       ||    39
         Constrict         |    16 |    21 |     1 ||    38
         Tentacles         |     9 |    22 |     1 ||    32
         Dagger            |    17 |   106 |     7 ||   130
    Use: Scroll            |       |     6 |       ||     6
         Potion            |       |     1 |     4 ||     5
   Stab: Sleeping          |     2 |    15 |       ||    17
 Armour: Skin              |    25 |    29 |     5 ||    59
  Dodge: Dodged            |    21 |    50 |     3 ||    74
  Block: Buckler           |    12 |    18 |     3 ||    33

Table legend: (Time is in decaauts)
 A = Elapsed time spent in this place.
 B = Non-inter-level travel time spent in this place.
 C = Inter-level travel time spent in this place.
 D = Time resting spent in this place.
 E = Time spent auto-exploring this place.
 F = Levels seen in this place.
 G = Mean time per level.
                   A        B        C        D        E       F      G
               +--------+--------+--------+--------+--------+-----+--------+
         Total |   3118 |   3118 |      0 |      0 |   1860 |   5 |  623.6 |
       Dungeon |   2902 |   2902 |      0 |      0 |   1860 |   4 |  725.5 |
         Sewer |    215 |    215 |      0 |      0 |      0 |   1 |  215.0 |
               +--------+--------+--------+--------+--------+-----+--------+

Top non-repeatable levels by time:
     D:1: 916 daAuts
     D:2: 914 daAuts
     D:3: 717 daAuts
     D:4: 354 daAuts
   Sewer: 215 daAuts
